cohdb
Replays
Latest Replays
All Replays
Popular Replays
Top Player Replays
Match Explorer
How It Works
Community
CoH3 Stats
Reddit
Sign in to upload your games and track your stats! →
Sign in with Steam
Match 47308501
Unlisted
Match 47308501
Overview
Messages
Build Orders
End
Engineer Squad
Construct Barracks
1⁄4-ton 4x4 Truck
Riflemen Squad
Selects Advanced Infantry Battlegroup
Riflemen Squad
Infantry Support Center
Selects Convert to Ranger Squad
Convert to Ranger Squad
Construct Motor Pool
Selects Frontline Medical Station
M8 Greyhound Armored Car
Frontline Medical Station
Selects Ranger Weapon Training
Airandfelt
VladoS
Cpt.Nuggets
53np41
冷月笙
De Keuning
Lemme smash
Masalko
0
0
Comments
sign in to comment!
No comments posted yet!